 Dungeon Sprint DCSS version 0.31-a0-210-gccc998df9b (webtiles) character file.

Game seed: 12846265581039579894

303 Hubris850 the Martial Artist (level 6, -6/38 HPs)
             Began as an Octopode Transmuter on June 29, 2023.
             Was a Priest of Makhleb.
             Mangled by a wolf (9 damage)
             ... while paralysed by a floating eye
             ... in the Dungeon (Sprint VII: "The Pits").
             The game lasted 00:02:55 (363 turns).

Hubris850 the Martial Artist (Octopode Transmuter)   Turns: 363, Time: 00:02:55

Health: -6/38      AC:  1    Str:  9    XL:     6   Next: 38%
Magic:  15/15      EV:  2    Int: 18    God:    Makhleb [***...]
Gold:   0          SH:  0    Dex: 12    Spells: 16/17 levels left

rFire   . .          .
                       - Unarmed
rCold   . . .        (no shield)
rNeg    . . .        (helmet restricted)
rPois   .            (no amulet)
rElec   .            (no ring)
rCorr   .            (no ring)
SInv    .            (no ring)
Will    .....        (no ring)
Stlth   ++           (no ring)
HPRegen 0.26/turn    (no ring)
MPRegen 0.14/turn    (no ring)
                     (no ring)

%: no teleportation
@: paralysed
A: almost no armour, amphibious, 8 rings, camouflage 1, gelatinous body 1,
(nimble swimmer 1), tentacles
a: Renounce Religion, Minor Destruction, Lesser Servant of Makhleb


You were in the Dungeon.
You worshipped Makhleb.
Makhleb was most pleased with you.
You visited 1 branch

Inventory:

Hand Weapons
 k - a +2 dagger
 l - a +2 quarterstaff of speed
 m - a +1 long sword of flaming
Scrolls
 g - a scroll of blinking
 i - 5 scrolls of amnesia
 j - a scroll of summoning
Potions
 a - a potion of lignification
 b - 6 potions of curing
 c - 6 potions of heal wounds
 d - a potion of haste
 e - 4 potions of magic
 f - 2 potions of berserk rage
 h - 2 potions of invisibility
 n - a potion of attraction {unknown}


   Skills:
 - Level 1.0 Fighting
 - Level 2.0 Dodging
 + Level 8.0 Unarmed Combat
 - Level 6.0 Spellcasting
 - Level 6.4 Transmutations
 - Level 5.9 Ice Magic


You had 16 spell levels left.
You knew the following spells:

 Your Spells              Type           Power      Damage    Failure   Level
a - Beastly Appendage     Tmut           56%        N/A       1%          1

Your spell library contained the following spells:

 Spells                   Type           Power      Damage    Failure   Level
 Wereblood                Tmut           28%        N/A       1%          2
 Spider Form              Tmut/Pois      16%        N/A       10%         3
 Ice Form                 Ice/Tmut       27%        N/A       10%         4


Dungeon Overview and Level Annotations

Branches:
Dungeon (1/1)

Altars:
Ashenzari
Cheibriados
Dithmenos
Elyvilon
Fedhas
Gozag
Hepliaklqana
Kikubaaqudgha
Makhleb
Nemelex Xobeh
Okawaru
Qazlal
Ru
Sif Muna
Trog
Uskayaw
Vehumet
Wu Jian
Xom
Yredelemnul
Zin
The Shining One
Jiyva
Lugonu


Innate Abilities, Weirdness & Mutations

You cannot wear most types of armour.
You are amphibious.
You can wear up to eight rings at the same time.
Your skin changes colour to match your surroundings (Stealth+).
Your rubbery body absorbs attacks. (AC +1, EV +1)
((You are camouflaged when in or above water. (Stealth+)))
You have tentacles for arms and can constrict up to eight enemies at once.


Message History

The flying skull hits you but does no damage.
You tentacle-slap the flying skull.
You destroy the flying skull!
Makhleb accepts your kill.
You can now summon a lesser servant of Makhleb.
You feel better.
Your Spellcasting skill gained 2 levels and is now at level 6!
Your Transmutations skill gained 2 levels and is now at level 6!
Your Ice Magic skill gained 2 levels and is now at level 5!
You have reached level 6!
Okay, then.
You see here a black bear corpse.
You feel a strong urge to attack something.
There is an open door here.
You see here a black bear corpse.
You feel your anger nearly subside.
You are no longer berserk.
You are exhausted.
You feel yourself slow down.
You start resting.
Your tentacle spike disappears.
You feel yourself speed up.
You start resting.
HP restored.
You see here a black bear corpse.
You start resting.
Magic restored.
You see here a black bear corpse.
You recover from your berserk rage.
There is an open door here.
The wolf howls!
A wight comes into view. It is wielding a +0 long sword.
A ball python skeleton comes into view.
The floating eye's stare focuses on you.
The wolf attacks as you move away! The wolf closely misses you. x2
The floating eye gazes piercingly through you!
You suddenly lose the ability to move!
The wolf bites you. The wolf bites you but does no damage.
The wolf bites you! x3
* * * LOW HITPOINT WARNING * * *
The floating eye's stare focuses on you.
The wolf bites you!
You die...

#_________.#
#_______...#######
##########'##.....
#.?(.')))'.##.....
##########.##.....
#.†.........'.....
#'#####'#####.....
#.#...#.#..##.....
#@#..†#.#).#####'#
#h#..)).#.)##.....
#G##†####))##.....
#z#.....#[[##.....
#.#.....#'###...<.
#.#........##.....
#.#........##.....
#'###########.....
#.. ######


You could see a wolf, a floating eye (charged) and a wight.

Vanquished Creatures
  A flying skull (D)
  A black bear (D)
  Terence (D)
  A gnoll (D)
  An adder (D)
  A bat (D)
  A quokka (D)
  A ball python (D)
  A frilled lizard (D)
  A giant cockroach zombie (D)
  A rat (D)
11 creatures vanquished.

Notes
Turn   | Place    | Note
-------+----------+-------------------------------------------
     0 | D        | Hubris850 the Octopode Transmuter began the quest for the
                  | Orb.
     0 | D        | Reached XP level 1. HP: 13/13 MP: 3/3
    45 | D        | Found a glowing golden altar of the Shining One.
    45 | D        | Found a glowing silver altar of Zin.
    45 | D        | Found a basalt altar of Yredelemnul.
    45 | D        | Found a shimmering altar of Xom.
    45 | D        | Found an ornate altar of the Wu Jian Council.
    45 | D        | Found a bloodstained altar of Trog.
    45 | D        | Found a shimmering blue altar of Sif Muna.
    45 | D        | Found a sacrificial altar of Ru.
    45 | D        | Found a stormy altar of Qazlal.
    45 | D        | Found an iron altar of Okawaru.
    45 | D        | Found a sparkling altar of Nemelex Xobeh.
    45 | D        | Found a burning altar of Makhleb.
    45 | D        | Found a viscous altar of Jiyva.
    45 | D        | Found a hazy altar of Hepliaklqana.
    45 | D        | Found an opulent altar of Gozag.
    45 | D        | Found a blossoming altar of Fedhas.
    45 | D        | Found a white marble altar of Elyvilon.
    45 | D        | Found a shadowy altar of Dithmenos.
    45 | D        | Found a snail-covered altar of Cheibriados.
    46 | D        | Found a radiant altar of Vehumet.
    46 | D        | Found a corrupted altar of Lugonu.
    47 | D        | Found an ancient bone altar of Kikubaaqudgha.
    47 | D        | Found a hide-covered altar of Uskayaw.
    47 | D        | Found a broken altar of Ashenzari.
    53 | D        | Became a worshipper of Makhleb the Destroyer
    68 | D        | Reached skill level 4 in Unarmed Combat
    74 | D        | Reached * piety under Makhleb
   108 | D        | Reached skill level 5 in Unarmed Combat
   108 | D        | Reached XP level 2. HP: 5/18 MP: 5/5
   161 | D        | Noticed Terence
   167 | D        | Reached ** piety under Makhleb
   176 | D        | Killed Terence
   177 | D        | Reached skill level 7 in Unarmed Combat
   177 | D        | Reached XP level 3. HP: 23/23 MP: 6/6
   277 | D        | Noticed a flying skull
   277 | D        | Noticed a wolf
   277 | D        | Noticed a black bear
   277 | D        | Noticed a floating eye
   296 | D        | Killed a black bear
   297 | D        | Reached skill level 8 in Unarmed Combat
   297 | D        | Reached XP level 4. HP: 28/28 MP: 6/10
   297 | D        | Reached XP level 5. HP: 33/33 MP: 6/11
   300 | D        | Killed a flying skull
   300 | D        | Reached *** piety under Makhleb
   301 | D        | Reached skill level 5 in Ice Magic
   301 | D        | Reached XP level 6. HP: 38/38 MP: 6/15
   360 | D        | Paralysed by a floating eye for 4 turns
   363 | D        | Mangled by a wolf

Illustrated notes

Levels and vault maps discovered:
D:        pitsprint [storerooms_1, entrance_room_1, metal_vault_7, armoury_2,
          mini_pit_1, grid_room_1, main_hall_1, silver_pit, the_coven_3,
          the_vestibule_1, steel_vault_5, golden_pit, hallway_of_sentries,
          crystal_vault_5, iron_vault_5, final_vault]

Skill      XL: |  1  2  3  4  5 |
---------------+----------------+-----
Unarmed Combat | 5 7 8 |  8.0
Spellcasting   | 4 6 |  6.0
Transmutations | 4 6 |  6.4
Ice Magic      | 3 5 |  5.9
Fighting       | |  1.0
Dodging        | |  2.0

Action                     |  1- 3 |  4- 6 || total
---------------------------+-------+-------++-------
  Melee: Unarmed           |    24 |     4 ||    28
         Dagger            |     6 |       ||     6
         Constrict         |     7 |       ||     7
         Tentacles         |     5 |     1 ||     6
         Kick              |     1 |       ||     1
         Punch             |     1 |       ||     1
   Cast: Beastly Appendage |     1 |       ||     1
 Invoke: Minor Destruction |     2 |       ||     2
    Use: Potion            |     1 |       ||     1
   Stab: Sleeping          |     3 |       ||     3
 Armour: Skin              |     3 |     2 ||     5
  Dodge: Dodged            |    14 |     2 ||    16

Table legend: (Time is in decaauts)
 A = Elapsed time spent in this place.
 B = Non-inter-level travel time spent in this place.
 C = Inter-level travel time spent in this place.
 D = Time resting spent in this place.
 E = Time spent auto-exploring this place.
 F = Levels seen in this place.
 G = Mean time per level.
                   A        B        C        D        E       F      G
               +--------+--------+--------+--------+--------+-----+--------+
         Total |    370 |    370 |      0 |    144 |      0 |   1 |  370.0 |
       Dungeon |    370 |    370 |      0 |    144 |      0 |   1 |  370.0 |
               +--------+--------+--------+--------+--------+-----+--------+

Top non-repeatable levels by time:
       D: 370 daAuts
